 Dungeon Crawl Stone Soup version 0.28.0-53-g5a82cb258f (webtiles) character file.

Game seed: 9764556044037105469

1439 Zeld the Zephyrmancer (level 8, -5/41 HPs)
             Began as a Tengu Air Elementalist on May 28, 2022.
             Was an Initiate of Vehumet.
             Slain by a killer bee (9 damage)
             ... on level 7 of the Dungeon.
             The game lasted 00:06:45 (9093 turns).

Zeld the Zephyrmancer (Tengu Air Elementalist)      Turns: 9093, Time: 00:06:45

Health: -5/41      AC:  3    Str:  9    XL:     8   Next: 74%
Magic:  0/18       EV: 14    Int: 18    God:    Vehumet [......]
Gold:   161        SH:  0    Dex: 14    Spells: 9/19 levels left

rFire   . . .      SeeInvis .   a - staff of air
rCold   . . .      Faith    .   (no shield)
rNeg    . . .      Spirit   .   x - +0 robe
rPois   .          Reflect  .   (helmet restricted)
rElec   +          Harm     .   (no cloak)
rCorr   +          Rampage  .   h - +0 pair of gloves
Will    .....                   (boots unavailable)
Stlth   ++........              (no amulet)
HPRegen 0.13/turn               m - ring of resist corrosion
MPRegen 0.16/turn               (no ring)

@: lethally poisoned (-5 -> -13), flying quickly and evasively, quick
A: beak, talons 3, nimble flight
a: Renounce Religion


You were on level 7 of the Dungeon.
You worshipped Vehumet.
Vehumet was noncommittal.
You visited 1 branch of the dungeon, and saw 7 of its levels.

You collected 343 gold pieces.
You spent 182 gold pieces at shops.

Inventory:

Armour
 h - a +0 pair of gloves (worn)
 x - a +0 robe (worn)
Magical Staves
 a - a staff of air (weapon)
Jewellery
 m - a ring of resist corrosion (left hand)
Wands
 j - a wand of iceblast (5)
 s - a wand of mindburst (3)
 v - a wand of paralysis (11)
 y - a wand of acid (13)
Scrolls
 b - 6 scrolls of teleportation {unknown}
 c - 2 scrolls of holy word {unknown}
 e - a scroll of amnesia {unknown}
 f - 2 scrolls of identify {unknown}
 l - 2 scrolls of torment {unknown}
 n - a scroll of fog {unknown}
 q - 3 scrolls of blinking {unknown}
 r - a scroll of vulnerability {unknown}
 u - a scroll of immolation {unknown}
 z - 2 scrolls of enchant armour {unknown}
Potions
 d - 2 potions of mutation {unknown}
 g - 2 potions of cancellation {unknown}
 i - 2 potions of berserk rage {unknown}
 k - a potion of heal wounds
 o - 2 potions of flight {unknown}
 p - 2 potions of curing {unknown}
 t - a potion of degeneration {unknown}
 w - a potion of might {unknown}
 A - 2 potions of haste {unknown}
 B - a potion of magic {unknown}


   Skills:
 - Level 2.1 Dodging
 - Level 2.0 Stealth
 * Level 6.4 Spellcasting
 + Level 6.1 Conjurations
 * Level 9.5 Air Magic


You had 9 spell levels left.
You knew the following spells:

 Your Spells              Type           Power      Damage    Failure   Level
a - Shock                 Conj/Air       100%       1d9       1%          1
b - Static Discharge      Conj/Air       50%        N/A       1%          2
c - Swiftness             Air            57%        N/A       1%          3
d - Airstrike             Air            28%        N/A       2%          4

Your spell library contained the following spells:

 Spells                   Type           Power      Damage    Failure   Level
 Blink                    Tloc           10%        N/A       17%         2
 Lesser Beckoning         Tloc           5%         N/A       34%         3
 Manifold Assault         Tloc           5%         N/A       97%         5
 Storm Form               Tmut/Air       17%        N/A       100%        7


Dungeon Overview and Level Annotations

Branches:
Dungeon (7/15)
 Temple: D:4-7

Altars:
Ashenzari
Cheibriados
Fedhas
Kikubaaqudgha
Okawaru
Qazlal
Trog
Vehumet
Yredelemnul
The Shining One

Shops:
D:4 *   D:7 (


Innate Abilities, Weirdness & Mutations

You have a beak for a mouth.
You have claws for feet.
Your magical nature lets you fly swiftly and evasively.


Message History

The killer bee stings you.
You are more poisoned.
The killer bee poisons you!
You feel sick. The killer bee misses you.
You feel sick. The killer bee stings you.
You are more poisoned.
The killer bee poisons you!
You feel very sick. The killer bee barely misses you.
Casting: Shock (safe; 1% risk of failure)
Confirm with . or Enter, or press ? or * to list all spells.
Aiming: Shock (safe; 1% risk of failure)
Press: ? - help, Shift-Dir - straight line, f - killer bee
Aim: a killer bee (heavily wounded, 48% to hit)
You feel a surge of power!
The zap hits the killer bee.
The killer bee is severely wounded.
The zap hits the killer bee.
The killer bee is almost dead.
The zap hits the ogre!
You kill the ogre!
Vehumet accepts your kill.
The zap hits the killer bee.
The killer bee is moderately wounded.
You feel very sick. The killer bee barely misses you.
The killer bee stings you!
* * * LOW HITPOINT WARNING * * *
Casting: Shock (safe; 1% risk of failure)
Confirm with . or Enter, or press ? or * to list all spells.
Aiming: Shock (safe; 1% risk of failure)
Press: ? - help, Shift-Dir - straight line, f/p - killer bee
Aim: a killer bee (severely wounded, 48% to hit)
You feel a surge of power!
The zap hits the killer bee.
The killer bee is almost dead.
The zap hits the killer bee.
The killer bee is almost dead.
The zap hits the killer bee.
The killer bee is moderately wounded.
* * * LOW HITPOINT WARNING * * *
You feel sick. The killer bee barely misses you. The killer bee stings you!
You die...

.....###.........# #...#
###.....########.# #.#.##.#
####...# #.#######.#.##.##
##8###..## #.##...##.#.##..
.#_≈≈##..#######.##...##.#.##..
##zz≈≈##.........##...##.#.##.###
##..z≈≈#.........#.......#.##.#..
8_....+.........#...###.#.##.#..
##...≈≈#.......#@#...###.#.......
##..≈≈##.......#y#.....#.####....
.#_≈≈##........#y#...#..∩........
##8###.........#y##..#...........
####..........#)##..#...........
###............#.##..#.#####..###
.....###.#######...y.#.# #..##
.#######.# #####.#.#####...#
.......... #.y...y.....#


You could see 3 killer bees.

Vanquished Creatures
  A water moccasin (D:5)
  A hornet zombie (D:6)
  2 black bears
  2 ogres
  A centaur (D:6)
  2 phantoms
  A scorpion (D:4)
  A water moccasin zombie (D:6)
  A howler monkey (D:7)
  A bullfrog zombie (D:6)
  A centaur zombie (D:6)
  A jelly (D:6)
  A gnoll shaman (D:7)
  3 hounds
  A centaur skeleton (D:6)
  An iguana (D:6)
  A scorpion zombie (D:5)
  An orc wizard (D:6)
  A killer bee zombie (D:7)
  A howler monkey skeleton (D:6)
  6 adders
  A white imp (D:6)
  An adder zombie (D:5)
  2 dart slugs (D:4)
  13 orcs
  7 endoplasms
  5 giant cockroaches
  10 goblins
  7 hobgoblins
  3 jackals (D:3)
  5 quokkas
  6 ball pythons
  3 bats
  2 frilled lizards
  14 kobolds
  8 rats
  A spectral hobgoblin (D:1)
119 creatures vanquished.

Notes
Turn   | Place    | Note
-------+----------+-------------------------------------------
     0 | D:1      | Zeld the Tengu Air Elementalist began the quest for the
                  | Orb.
     0 | D:1      | Reached XP level 1. HP: 10/10 MP: 4/4
   310 | D:1      | Reached XP level 2. HP: 15/15 MP: 3/6
   313 | D:1      | Learned a level 2 spell: Static Discharge
   629 | D:1      | Found a faded altar of an unknown god.
  1191 | D:1      | Reached XP level 3. HP: 16/19 MP: 2/7
  1201 | D:1      | Learned a level 3 spell: Swiftness
  2140 | D:2      | Reached skill level 5 in Air Magic
  2586 | D:3      | Reached XP level 4. HP: 20/24 MP: 2/9
  3323 | D:3      | Found a bloodstained altar of Trog.
  3323 | D:3      | Found a basalt altar of Yredelemnul.
  3919 | D:4      | Gained mutation: Your magical nature lets you fly swiftly
                  | and evasively. [Tengu growth]
  3919 | D:4      | Reached XP level 5. HP: 25/28 MP: 5/10
  3964 | D:4      | Learned a level 4 spell: Airstrike
  3981 | D:4      | Noticed a black bear
  3996 | D:4      | Killed a black bear
  3997 | D:4      | Reached skill level 6 in Air Magic
  4253 | D:4      | Noticed a phantom
  4265 | D:4      | Killed a phantom
  4266 | D:4      | Reached XP level 6. HP: 26/32 MP: 1/13
  4284 | D:4      | Found an iron altar of Okawaru.
  4419 | D:4      | You are sucked into a shaft and drop 3 floors!
  4421 | D:7      | Found a glowing golden altar of the Shining One.
  4421 | D:7      | Found a stormy altar of Qazlal.
  4421 | D:7      | Found an ancient bone altar of Kikubaaqudgha.
  4544 | D:5      | Entered Level 5 of the Dungeon
  4853 | D:5      | Found a snail-covered altar of Cheibriados.
  5330 | D:4      | Found a blossoming altar of Fedhas.
  5334 | D:4      | Found a radiant altar of Vehumet.
  5337 | D:4      | Became a worshipper of Vehumet
  5563 | D:4      | Reached skill level 7 in Air Magic
  5563 | D:4      | Reached XP level 7. HP: 36/36 MP: 5/14
  5690 | D:4      | Found Qaff's Assorted Antiques.
  5702 | D:4      | Bought a scroll labelled OROZXINUXTA for 26 gold pieces
  5702 | D:4      | Bought a scroll labelled GUTUKK ERPHAEMOEPP for 26 gold
                  | pieces
  5702 | D:4      | Bought a tiny peridot amulet for 130 gold pieces
  6232 | D:5      | Reached skill level 5 in Spellcasting
  7207 | D:6      | Reached skill level 5 in Conjurations
  7207 | D:6      | Reached skill level 8 in Air Magic
  7274 | D:6      | Reached XP level 8. HP: 41/41 MP: 8/17
  8071 | D:6      | Found a broken altar of Ashenzari.
  8621 | D:5      | Reached skill level 9 in Air Magic
  9006 | D:7      | Found Jounne Ujaa's Weapon Boutique.
  9093 | D:7      | Slain by a killer bee

Illustrated notes

Levels and vault maps discovered:
D:1:      ebering_trefoil_3fold, layout_rooms,
          dreamdust_ecumenical_altar_drowned_temple
D:2:      layout_rooms, hangedman_decor_riveting
D:3:      layout_basic, gammafunk_temple_overflow_statue
D:4:      layout_rooms, kennysheep_little_box, minitemple, serial_shops,
          nicolae_shop_window_shopping
D:5:      layout_basic, mainiacjoe_overflow_surrounded_room
D:6:      layout_gridville, nicolae_ashenzari_panopticon, dk_noncrumbling_3
D:7:      layout_basic, grunt_gozag_breadcrumbs, nicolae_overflow_crystal_walls,
          gammafunk_temple_overflow_claw, minmay_temple_entry_waves,
          serial_shops, shop, hangedman_minor_gate_pass

Skill      XL: |  1  2  3  4  5  6  7  8 |
---------------+-------------------------+-----
Conjurations   | 2 3 4 5 6 |  6.1
Air Magic      | 5 6 7 8 9 |  9.5
Spellcasting   | 3 4 5 6 |  6.4
Dodging        | |  2.1
Stealth        | |  2.0

Action                   |  1- 3 |  4- 6 |  7- 9 || total
-------------------------+-------+-------+-------++-------
Melee: Unarmed           |    47 |    34 |     6 ||    87
       Kick              |    10 |     9 |     3 ||    22
       Peck              |     9 |     6 |       ||    15
       Punch             |       |     2 |       ||     2
 Cast: Shock             |    17 |    12 |    11 ||    40
       Static Discharge  |    33 |    29 |     8 ||    70
       Airstrike         |       |    13 |    49 ||    62
       Swiftness         |       |       |     2 ||     2
Evoke: Wand              |       |       |     6 ||     6
  Use: Potion            |       |       |     2 ||     2
 Stab: Sleeping          |     3 |     1 |       ||     4
Armor: Robe              |    17 |    12 |     7 ||    36
Dodge: Dodged            |    65 |    47 |    38 ||   150
